Cogmind - Beta 15 @@@ ROGUE MODE // 2025.05.10 @ 22:26:17 Player: Delton Result: Self-destructed Performance ------------- Evolutions (3) 1500 Regions Visited (5) 1000 Robots Destroyed (56) 280 Value Destroyed (2136) 2136 Prototype IDs (0) 0 Alien Tech Used (0) 0 Bonus (58) 58 TOTAL SCORE: 4974 Bonus ------- High Alert Combat Kills 105 Friendly Fire -47 Cogmind --------- Core Integrity 502/700 Matter 243/300 Energy 143/150 System Corruption 23% Temperature Warm (138) Movement Treading (160) Location -7/Factory Parts ------- > --- POWER (2) -------- Micro Nuclear Core > --- PROPULSION (3) --- Light Treads > --- UTILITY (5) ------ Advanced Terrain Scan Processor > --- WEAPON (3) ------- Flak Gun > --- INVENTORY (5) ---- Light Nuclear Core Improved Deuterium Engine Improved Light Armor Plating Autogun Power Maul Peak State ------------ > --- POWER ------------ Deuterium Engine Micro Nuclear Core > --- PROPULSION ------- Aluminum Leg Improved Aluminum Leg Carbon-fiber Leg > --- UTILITY ---------- Coolant Injector Advanced Terrain Scan Processor Kinecellerator Force Booster Layered Light Armor Plating > --- WEAPON ----------- Gauss Rifle Flak Gun Heavy Missile Launcher > --- INVENTORY -------- Improved Melee Analysis Suite Subdweller Shrapnel Launcher Power Maul [Rating: 46] Favorites ----------- Power Micro Nuclear Core Engine Deuterium Engine Power Core Micro Nuclear Core Propulsion Aluminum Leg Treads Light Treads Leg Aluminum Leg Utility Kinecellerator Device Kinecellerator Storage Compact Matter Pod Processor Advanced Terrain Scan Processor Protection Scrap Shield Weapon Flak Gun Energy Gun EM Pulse Gun Energy Cannon Subdweller Beam Cannon Ballistic Gun Flak Gun Ballistic Cannon Gauss Cannon Launcher Subdweller Shrapnel Launcher Impact Weapon Power Maul Build | -11 -10 -10 -10 -9 -7 ------- Run | Yrd Mat Min Sub Rec Fac Slots Evolved 6 | . . . . . 6 Power 1 | . . . . . 1 Propulsion 1 | . . . . . 1 Utility 3 | . . . . . 3 Weapon 1 | . . . . . 1 Parts Attached 45 | 5 3 . 6 . 31 Power 7 | 1 . . 1 . 5 Engine 4 | 1 . . 1 . 2 Core 3 | . . . . . 3 Reactor . | . . . . . . Propulsion 9 | 2 . . 1 . 6 Treads 2 | . . . . . 2 Leg 7 | 2 . . 1 . 4 Wheel . | . . . . . . Hover . | . . . . . . Flight . | . . . . . . Utility 14 | . 2 . 1 . 11 Device 8 | . 1 . . . 7 Storage 2 | . 1 . . . 1 Processor 2 | . . . . . 2 Hackware . | . . . . . . Protection 2 | . . . 1 . 1 Artifact . | . . . . . . Weapon 15 | 2 1 . 3 . 9 Energy Gun 3 | 2 . . . . 1 Energy Cannon 1 | . . . 1 . . Ballistic Gun 6 | . . . 1 . 5 Ballistic Cannon 1 | . . . . . 1 Launcher 3 | . 1 . 1 . 1 Special Weapon . | . . . . . . Impact Weapon 1 | . . . . . 1 Slashing Weapon . | . . . . . . Piercing Weapon . | . . . . . . Special Melee Weapon . | . . . . . . Unidentified Prototypes . | . . . . . . Parts Lost 18 | . . . 1 . 17 Power 2 | . . . . . 2 Propulsion 3 | . . . . . 3 Utility 8 | . . . . . 8 Weapon 5 | . . . 1 . 4 Highest Loss Streak 8 | . . . 1 . 8 To Critical Strikes 2 | . . . 1 . 1 Average Backups 3 | . 1 3 3 3 3 Power . | . . . . . . Propulsion . | . . 1 1 1 . Utility 1 | . 1 1 1 1 1 Weapon 1 | . . 1 . 1 2 Tool/Special . | . . . . . . Unused Backups 7 | . 1 . 1 . 5 Power 2 | . . . . . 2 Propulsion . | . . . . . . Utility 4 | . 1 . 1 . 2 Weapon 1 | . . . . . 1 Tool/Special . | . . . . . . Average Slot Usage (%) 86 | . 84 100 84 81 87 Engine 6 | . 14 14 14 10 3 Core 5 | . . . . . 7 Treads 1 | . . . . . 2 Leg 20 | . 28 28 28 28 17 Device 14 | . 7 14 7 . 18 Storage 3 | . 5 14 . . 4 Processor 3 | . . . . . 5 Protection 4 | . . . 6 14 3 Energy Gun 1 | . 14 14 1 . . Ballistic Gun 9 | . . . 6 14 10 Ballistic Cannon 2 | . . . . . 3 Launcher 6 | . 13 14 8 14 3 Impact Weapon 1 | . . . . . 1 Peak Build Rating 46 | 5 7 7 14 14 46 Average Rating 27 | 3 5 7 9 13 35 On Entrance 7 | . 5 7 7 14 12 Naked Turns . | . . . . . . Heaviest Build 48 | 8 14 14 35 35 48 Greatest Support 40 | 20 20 20 25 25 40 Greatest Overweight (x) 1 | . . . 1 1 1 Average Overweight (x) . | . . . . 1 . Largest Inventory Capacity 5 | 5 5 5 5 5 5 Average Capacity 5 | 5 5 5 5 5 5 Most Carried 5 | 2 4 3 5 3 5 Average Carried 3 | . 1 3 3 3 3 Final Capacity 5 | 5 5 5 5 5 5 Final Carried 5 | 1 3 3 3 3 5 Class Distribution -------------------- 23% | Mutant 23% | Scavenger-Bomber 22% | Subdweller-Mutant 12% | Scavenger-Mutant 9% | Subdweller-Tank 4% | Scavenger-Gunner Dominant Class ---------------- Mutant | -10/Materials Mutant | -10/Mines Mutant | -10/Subcaves Subdweller-Mutant | -9/Recycling Scavenger-Bomber | -7/Factory Resources | -11 -10 -10 -10 -9 -7 ----------- Run | Yrd Mat Min Sub Rec Fac Matter Collected 1710 | 250 30 . 225 . 1205 Remotely 177 | . . . . . 177 Salvage Created 1822 | . 128 . 316 . 1378 Parts 106 | . 12 . 29 . 65 Haulers Intercepted . | . . . . . . Recyclers Shooed . | . . . . . . Parts Field Recycled . | . . . . . . Retrieved Matter . | . . . . . . Parts Self-Destructed 5 | . . . 5 . . Prevented . | . . . . . . Kills | -11 -10 -10 -10 -9 -7 ------- Run | Yrd Mat Min Sub Rec Fac Combat Hostiles Destroyed 47 | . 3 . 13 . 31 Melee 2 | . . . . . 2 Guns 21 | . 1 . . . 20 Cannons 8 | . . . 4 . 4 AOE 15 | . 2 . 9 . 4 Classes Destroyed 13 | . 2 . 3 . 8 Worker 2 | . . . . . 2 Builder 2 | . . . . . 2 Recycler 1 | . . . . . 1 Operator 1 | . 1 . . . . Turret 1 | . . . 1 . . Watcher 2 | . . . . . 2 Swarmer 10 | . . . 3 . 7 Grunt 16 | . 3 . . . 13 Brawler 1 | . . . . . 1 Sentry 6 | . . . . . 6 Hunter 1 | . . . . . 1 Programmer 3 | . . . . . 3 Subdweller 10 | . . . 10 . . Best Kill Streak 9 | . 3 . 9 . 5 Combat Bots Only 9 | . 3 . 9 . 5 Max Kills in Single Turn 4 | . 2 . 4 . 4 Gunslinging 1 | . . . . . 1 Exploded 4 | . 2 . 4 . 3 Melee 1 | . . . . . 1 Uniques/NPCs Destroyed . | . . . . . . Combat | -11 -10 -10 -10 -9 -7 -------- Run | Yrd Mat Min Sub Rec Fac Hostile Shots Fired 343 | . 4 . 56 . 283 Missed 125 | . 1 . 25 . 99 Hits 218 | . 3 . 31 . 184 Melee 10 | . . . . . 10 Projectile 208 | . 3 . 31 . 174 Critical Strikes 11 | . . . 3 . 8 Damage Taken 3039 | . 34 . 409 . 2596 Core 258 | . . . 60 . 198 Absorbed by Shields . | . . . . . . Core Remaining (%) 88 | 100 . . . 76 . Volleys Fired 125 | . 14 . 17 . 94 Largest 3 | . 2 . 2 . 3 Hottest 122 | . 70 . 110 . 122 Shots Fired 235 | . 15 . 31 . 189 Gun 173 | . 13 . 7 . 153 Cannon 42 | . . . 13 . 29 Launcher 20 | . 2 . 11 . 7 Special . | . . . . . . Kinetic 183 | . . . 5 . 178 Thermal 13 | . . . 13 . . Explosive 17 | . 2 . 11 . 4 Electromagnetic 22 | . 13 . 2 . 7 Robot Hit Streak 10 | . 3 . 5 . 10 Robot Miss Streak 10 | . 2 . 1 . 10 Penetration Max . | . . . . . . Secondary Targets 3 | . . . . . 3 Max Gunslinging Chain 1 | . . . . . 1 Shots Hit Robots 163 | . 5 . 21 . 137 Core Hits 131 | . 4 . 24 . 103 Critical Kills 1 | . . . . . 1 Critical Parts Destroyed 2 | . . . . . 2 Critical Strikes 5 | . . . . . 5 Destroy 1 | . . . . . 1 Blast 2 | . . . . . 2 Smash 2 | . . . . . 2 Melee Attacks 17 | . . . . . 17 Impact 17 | . . . . . 17 Slashing . | . . . . . . Piercing . | . . . . . . Sneak Attacks 1 | . . . . . 1 Combat Hostiles . | . . . . . . Follow-up Attacks . | . . . . . . Damage Inflicted 5532 | . 199 . 1356 4 3973 Guns 2085 | . 58 . 44 . 1983 Cannons 797 | . . . 302 . 495 Explosions 2052 | . 141 . 1010 . 901 Melee 594 | . . . . . 594 Ramming 4 | . . . . 4 . Kinetic 2772 | . . . 22 . 2750 Thermal 344 | . 42 . 302 . . Explosive 1671 | . 99 . 1010 . 562 Electromagnetic 147 | . 58 . 22 . 67 Impact 594 | . . . . . 594 Slashing . | . . . . . . Piercing . | . . . . . . Highest Corruption 23 | . . . . . 23 Average Corruption 1 | . . . . . 1 Corruption Purged 5 | . . . . . 5 Corruption Blocked . | . . . . . . Effects 9 | . . . . . 9 Message Errors 4 | . . . . . 4 Matter Fused 1 | . . . . . 1 Heat Flow Errors 1 | . . . . . 1 Data Loss (minor) 3 | . . . . . 3 Overload Shots . | . . . . . . Overflow Damage 306 | . . . 15 . 291 Projectiles 54 | . . . 15 . 39 Explosions . | . . . . . . Melee 252 | . . . . . 252 Knockbacks 11 | . . . . . 11 Impact 4 | . . . . . 4 Kinetic 6 | . . . . . 6 Secondary 1 | . . . . . 1 Self-Inflicted Damage 15 | . . . 15 . . Shots 1 | . . . 1 . . Rammed . | . . . . . . Targets Rammed 1 | . . . . 1 . Kicked 1 | . . . . 1 . Crushed . | . . . . . . Highest Temperature 187 | . 21 . 10 . 187 Average Temperature 55 | . 13 . 4 . 58 Received Heat Transfer 768 | . 18 . 159 . 591 Siege Activations . | . . . . . . Martial Activations . | . . . . . . Shielding Activations . | . . . . . . Robots Disrupted . | . . . . . . Combat Hostiles . | . . . . . . Robots Corrupted 2 | . . . . . 2 Combat Hostiles 1 | . . . . . 1 Parts Fried 3 | . . . . . 3 Impact Corruptions 8 | . . . . . 8 Robots Melted . | . . . . . . Combat Hostiles . | . . . . . . Parts Melted 1 | . 1 . . . . Heat Transferred 457 | . 50 . 407 . . Parts Sabotaged . | . . . . . . Parts Stolen . | . . . . . . Parts Stripped . | . . . . . . Power Chain Reactions 1 | . 1 . . . . Alert | -11 -10 -10 -10 -9 -7 ------- Run | Yrd Mat Min Sub Rec Fac Maximum Alert Level 2 | . . . . . 2 Low Security (%) 76 | 100 100 100 . 100 69 Level 1 6 | . . . . . 8 Level 2 16 | . . . . . 21 Level 3 . | . . . . . . Level 4 . | . . . . . . Level 5 . | . . . . . . High Security . | . . . . . . Max Security . | . . . . . . Peak Influence 544 | . 64 3 . . 544 Initial 3 | . . 3 . . . Average 139 | . 25 . . . 176 Influence Increases 1249 | . 130 . 110 . 1009 Destroy 0b10 Robot/C 760 | . 60 . 80 . 620 Destroy 0b10 Robot/NC 40 | . 5 . . . 35 Destroy Leader 144 | . . . . . 144 Successful Hack 43 | . . . . . 43 Disable Machine 120 | . 45 . . . 75 Destroy Structure 82 | . 20 . . . 62 Lose Combat Pursuer 60 | . . . 30 . 30 Influence Decreases 772 | . 120 10 110 . 532 Entered New Map 7 | . . 7 . . . Time Decay 585 | . 120 3 100 . 362 Lost Part 180 | . . . 10 . 170 Squads Dispatched 11 | . . . . . 11 Investigation 1 | . . . . . 1 Extermination 4 | . . . . . 4 Reinforcement 2 | . . . . . 2 Assault 1 | . . . . . 1 Garrison 3 | . . . . . 3 Intercept . | . . . . . . Searches Triggered . | . . . . . . Construction Impeded 1 | . . . . . 1 Haulers Reinforced . | . . . . . . Active Scanning Responses . | . . . . . . Cargo Convoy Interrupts . | . . . . . . Stealth | -11 -10 -10 -10 -9 -7 --------- Run | Yrd Mat Min Sub Rec Fac Distress Signals 5 | . 1 . . . 4 Communications Jammed . | . . . . . . Distress Signals . | . . . . . . Times Spotted 75 | . 7 . 23 . 45 Peak Tracking Total 12 | . 6 . 12 . 5 Tactical Retreats 3 | . . . 1 . 2 Traps | -11 -10 -10 -10 -9 -7 ------- Run | Yrd Mat Min Sub Rec Fac Traps Triggered . | . . . . . . Indirectly . | . . . . . . Trap Hack Attempts . | . . . . . . Triggered . | . . . . . . Disarmed . | . . . . . . Reprogrammed . | . . . . . . Reused . | . . . . . . Traps Extracted . | . . . . . . Installed . | . . . . . . Triggered . | . . . . . . Machines | -11 -10 -10 -10 -9 -7 ---------- Run | Yrd Mat Min Sub Rec Fac Machines Disabled 9 | . 3 . 1 . 5 Max in Single Turn 2 | . 1 . 1 . 2 Garrison Access 1 | . . . . . 1 Machines Repaired . | . . . . . . Machines Dismantled . | . . . . . . Machines Sabotaged . | . . . . . . Overloaded Fab Kills . | . . . . . . Hacking | -11 -10 -10 -10 -9 -7 --------- Run | Yrd Mat Min Sub Rec Fac Machines Accessed 16 | . 2 . . 3 11 Terminals 9 | . 1 . . 2 6 Fabricators . | . . . . . . Repair Stations 1 | . . . . . 1 Recycling Units 3 | . 1 . . 1 1 Scanalyzers 1 | . . . . . 1 Garrison Access 2 | . . . . . 2 Total Hacks 27 | . 2 . . 5 20 Successful 8 | . 1 . . 2 5 Failed 19 | . 1 . . 3 15 Catastrophic 3 | . 1 . . . 2 Database Lockouts . | . . . . . . Manual . | . . . . . . Terminals 17 | . 1 . . 4 12 Fabricators . | . . . . . . Repair Stations 1 | . . . . . 1 Recycling Units 4 | . 1 . . 1 2 Scanalyzers 2 | . . . . . 2 Garrison Access 3 | . . . . . 3 Terminal Hacks 5 | . . . . 1 4 Record 2 | . . . . 1 1 Open DSF 1 | . . . . . 1 Locate Traps 2 | . . . . . 2 Fabricator Hacks . | . . . . . . Repair Station Hacks . | . . . . . . Recycling Unit Hacks 2 | . 1 . . 1 . Report Inventory 2 | . 1 . . 1 . Scanalyzer . | . . . . . . Garrison Access Hacks 1 | . . . . . 1 Seal Access 1 | . . . . . 1 Unauthorized Hacks . | . . . . . . Terminals . | . . . . . . Fabricators . | . . . . . . Repair Stations . | . . . . . . Recycling Units . | . . . . . . Scanalyzers . | . . . . . . Garrison Access . | . . . . . . Data Cores Recovered . | . . . . . . Used . | . . . . . . Hacking Detections 14 | . 2 . . 3 9 Full Trace Events 1 | . . . . . 1 Feedback Events . | . . . . . . Feedback Blocked . | . . . . . . Robot Schematics Acquired . | . . . . . . Robots Built . | . . . . . . Authchips . | . . . . . . Time . | . . . . . . Total Robot Build Rating . | . . . . . . Part Schematics Acquired . | . . . . . . Parts Built . | . . . . . . Authchips . | . . . . . . Time . | . . . . . . Total Part Build Rating . | . . . . . . Parts Repaired . | . . . . . . Time . | . . . . . . Parts Recycled . | . . . . . . Recycled Matter . | . . . . . . Retrieved Matter . | . . . . . . Retrieved Components . | . . . . . . Parts Scanalyzed . | . . . . . . Part Schematics Acquired . | . . . . . . Parts Damaged . | . . . . . . Bothacking | -11 -10 -10 -10 -9 -7 ------------ Run | Yrd Mat Min Sub Rec Fac Used RIF Installer . | . . . . . . Robots Hacked . | . . . . . . Non-combat . | . . . . . . Combat . | . . . . . . Robot Hacks Applied . | . . . . . . Relay Couplers Released . | . . . . . . Fabnet Peak Effective % . | . . . . . . Robots Rewired . | . . . . . . Allies Hacked . | . . . . . . Hacks Repelled . | . . . . . . Allies | -11 -10 -10 -10 -9 -7 -------- Run | Yrd Mat Min Sub Rec Fac Total Allies . | . . . . . . Largest Group . | . . . . . . Highest-Rated Group . | . . . . . . Highest-Rated Ally . | . . . . . . Total Orders . | . . . . . . Ally Attacks . | . . . . . . Total Damage . | . . . . . . Kills . | . . . . . . Allies Corrupted . | . . . . . . Allies Melted . | . . . . . . Intel | -11 -10 -10 -10 -9 -7 ------- Run | Yrd Mat Min Sub Rec Fac Active Infowar (turns) . | . . . . . . Robot Analysis Total . | . . . . . . Derelict Logs Recovered . | . . . . . . Drone Launches . | . . . . . . Drone Recoveries . | . . . . . . Exploration | -11 -10 -10 -10 -9 -7 ------------- Run | Yrd Mat Min Sub Rec Fac Turns Passed 3523 | 49 299 101 305 269 2500 Spaces Moved 1775 | 36 212 85 157 132 1153 Core 7 | 7 . . . . . Treads 153 | . . . . . 153 Legs 1615 | 29 212 85 157 132 1000 Wheels . | . . . . . . Hover . | . . . . . . Flight . | . . . . . . Fastest Speed 50 | 50 120 120 120 190 120 Average Speed 157 | 106 120 120 146 190 166 Slowest Speed 240 | 120 120 120 190 190 240 Overloaded Moves . | . . . . . . Propulsion Burnouts . | . . . . . . Robots Hopped . | . . . . . . Potential Cave-ins . | . . . . . . Cave-ins Triggered 1 | . . . . . 1 Exploration Rate (%) 27 | 3 32 34 8 56 30 Regions Visited 5 Branch Regions 3 Pre-discovered Areas . | . . . . . . Known Exits Taken . | . . . . . . Unknown Exits Taken 5 | 1 1 1 1 1 . Scrap Searched . | . . . . . . Spaces Dug 6 | . . . . . 6 Terrain Destroyed 136 | . 19 . 50 . 67 Melee 6 | . . . . . 6 Projectile 17 | . . . 3 . 14 AOE 113 | . 19 . 47 . 47 Terrain Rammed . | . . . . . . Walls Destroyed . | . . . . . . Machines Disabled . | . . . . . . Actions | -11 -10 -10 -10 -9 -7 --------- Run | Yrd Mat Min Sub Rec Fac Total 2263 | 46 242 84 205 150 1536 Wait 222 | . 6 . 3 17 196 Move 1770 | 35 211 84 156 131 1153 Hop . | . . . . . . Pick Up 48 | 6 6 . 7 . 29 Fast Attach 7 | . . . 3 . 4 Attach 36 | 5 3 . 6 . 22 Detach 1 | . . . 1 . . Swap 7 | . . . . . 7 Drop 27 | . 2 . 10 1 14 Fire 125 | . 14 . 17 . 94 Melee 17 | . . . . . 17 Ram . | . . . . . . Kick 1 | . . . . 1 . Crush . | . . . . . . Escape Stasis . | . . . . . . Rewire . | . . . . . . Trap . | . . . . . . Miscellaneous 2 | . . . 2 . . Route ------- -11/Scrapyard -10/Materials -10/Mines -10/Subcaves -9/Recycling -7/Factory History --------- Turn | Location | Event 4 | -11/Scrapyard | Discovered new exit (range 15) 50 | -11/Scrapyard | Entered Materials 270 | -10/Materials | Discovered new exit (range 16) 302 | -10/Materials | Build established: Mutant 349 | -10/Materials | Entered Mines 444 | -10/Mines | Discovered new exit (range 6) 450 | -10/Mines | Entered Subcaves 457 | -10/Subcaves | Ambushed by Subdwellers from Twisted Machinery 515 | -10/Subcaves | Discovered new exit (range 13) 603 | -10/Subcaves | Ambushed by swarm of Subdwellers 603 | -10/Subcaves | Ambushed by Subdwellers from Twisted Machinery 603 | -10/Subcaves | Ambushed by Subdweller buried in earth 640 | -10/Subcaves | Lost 3 allies 651 | -10/Subcaves | Destroyed 9 combat bots 755 | -10/Subcaves | Entered Recycling 756 | -9/Recycling | Joined Warlord attack on 0b10 via Recycling 907 | -9/Recycling | Build established: Subdweller-Mutant 954 | -9/Recycling | Discovered new exit (range 15) 1024 | -9/Recycling | Entered Factory 1024 | -7/Factory | Evolved 6 slots: Power x1, Propulsion x1, Utility x3, Weapon x1 1709 | -7/Factory | Build established: Subdweller-Tank 2322 | -7/Factory | Crushed by falling debris 2852 | -7/Factory | Garrison activated, responded to threat 3259 | -7/Factory | Build established: Scavenger-Bomber 3424 | -7/Factory | First assault squad dispatched 3518 | -7/Factory | System corruption reached 10% 3524 | -7/Factory | Self-destructed Last Messages --------------- 03512_ Critical hit (Burn: +37). 03513_ K-01 Serf collects debris. 03517_ Imp. Heat Sink destroyed. 03517_ System corrupted by crushing effect (+4). 03519_ B-48 Gladiator destroyed. 03519_ Switching to secondary target: G-50 Soldier. 03519_ K-01 Serf collects debris. 03520_ Lyr. Light Armor Plating destroyed. 03520_ Critical hit (Smash). 03520_ Lgt. Treads destroyed. 03520_ Force Booster destroyed. 03520_ Arc Projector destroyed. 03520_ System corrupted by crushing effect (+5). 03520_ System corrupted by crushing effect (+3). 03520_ System corrupted by crushing effect (+5). 03521_ Hvy. Missile Launcher destroyed. 03522_ Kinecellerator destroyed. 03523_ U-05 Engineer lays Concrete. 03523_ K-01 Serf collects debris. Map ----- +----------------------------------------------------+ | #??????????????# #????# #???# | | #??????????????# #????# #???# | | #??????????????# #????# ! #???# | | #^^^ ^###??????????????# ?????#!! #???#######+# | | #^ ^= ##############??? ?????#!! #?????????# | | # * ?? T?????# #?????????# | | # #????????? ??????# #?????????# | | * #?????????#??????# """ #?????????# | | # ! ################?# """ #?????????#"" | | # # # """ #?????????#"" | | ### T# = # # #?????????#"" | | ??#### % # ########?????????# | | #????# # #?????????????????"" | | ???# + ! #??????????????????? | | ???# # #??????????????????? | | ??# # #??????????????????? | | ??# ####################????????????????? | | ?# # """ #????????????????? | | ?# # ""R" /#????????????????? | | # """""" # "" " [/#????????????????? | | # """""" # #????????????????? | | + """""" # """ """ #????????????????? | | # """""" # """ """ #????????????????? | | # # """ """ #????????????????? | | ?# ]"""""" # r #????????????????? | | ?# """=*"""""" ###@#######????????????????? | | ??# "Y =%"""""" g%b #???????????????????? | | ###### """% """""" i #???????????????????? | | [=[! u #???????????????????? | | = #??????????????????? | | ### g ?????????????????? | | #?######## ????????????????? | | #????????# # #???????????????? | | #????????# % k ??????????????? | | #????????# ?????????????? | | ###############????????# ????????????? | | ???????????????????????# """"????????????? | | ???????????????????????# ^ ""??????????????? | | ???????????????????????? "???????????????? | | ???????????????????????? " F" ???????????????? | | ???????????????????????? """" ????????????????? | | ???????????????????????? ??????????????????????? | | ???????????????????????? ??????????????????????? | | ?????????????????????????????????????????????????? | | ?????????????????????????????????????????????????? | | ?????????????????????????????????????????????????? | | ?????????????????????????????????????????????????? | | ?????????????????????????????????????????????????? | | ?????????????????????????????????????????????????? | | ?????????????????????????????????????????????????? | +----------------------------------------------------+ Best States ------------- Heat Dissipation 48 Coolant Potential 65 Energy Generation 26 Energy Capacity 340 Matter Stores 450 Matter Capacity 450 Sight Range 16 Terrain Scan Density 210 Armor Coverage 800 Evasion (%) 63 Recoil Reduction 2 Kinecelleration 30 Force Boost 20 Item Schematics ----------------- None Robot Schematics ------------------ None Fabricated ------------ Nothing Repaired ---------- Nothing Alien Tech Used ----------------- None Achievements -------------- None Challenges ------------ None Game ------ Seed SupersonicRainbowBroadsword Manual? 0 Play Time 00:32:05 Cumulative 40.1 hours Start 2025.05.10 @ 11:17:52 End 2025.05.10 @ 22:26:17 Sessions 5 Manual Loads 0 Difficulty Rogue Special Mode None Game No. 84 Rogue 84 Adventurer 0 Explorer 0 Win Type - Total 0 Types 0/0/0/0/0/0/0/0/0/0 Lore% 50 Gallery% 40 Achievement% 37 Wizard Run 0 Options --------- Layout 1 ASCII 0 Keyboard 0 Movement Mouse Keybinds 0 Fullscreen 1 Font 24/Proggy Map View 50x35 Zoom Use 0% Tactical HUD 1 Map Filters NONE Filters NONE Steam 1 RUN: cfeb5d93-6a30-42d7-ab36-5b50e41c1688